 Dungeon Crawl Stone Soup version 0.27-a0-909-g0721f309d1 (webtiles) character file.

Game seed: 14670685639717868618

778 Alarkh the Ruffian (level 7, 0/56 HPs)
             Began as a Demonspawn Gladiator on Apr 8, 2021.
             Was a Follower of Uskayaw.
             Killed from afar by an electric eel (2 damage)
             ... with a bolt of electricity
             ... on level 6 of the Dungeon.
             The game lasted 00:03:18 (4432 turns).

Alarkh the Ruffian (Demonspawn Gladiator)           Turns: 4432, Time: 00:03:19

Health: 0/56       AC:  7    Str: 14 (15) XL:     7   Next: 54%
Magic:  16/16      EV: 12    Int:  9 (11) God:    Uskayaw [*.....]
Gold:   251        SH:  0    Dex: 11 (14) Spells: 6/6 levels left

rFire    + . .     SeeInvis .     - Unarmed
rCold    + . .     Faith    .   (no shield)
rNeg     . . .     Spirit   .   a - +0 leather armour
rPois    +         Reflect  .   b - +0 helmet
rElec    +         Harm     .   (no cloak)
rCorr    +         Rampage  .   (no gloves)
Will     +....                  (no boots)
Stlth    +.........             (no amulet)
HPRegen  0.18/turn              e - ring of willpower
MPRegen  0.15/turn              p - ring of magical power

@: brilliant, resistant
A: claws 1, yellow scales 2, spiny 2
a: Renounce Religion, Stomp


You were on level 6 of the Dungeon.
You worshipped Uskayaw.
Uskayaw was noncommittal.
You visited 1 branch of the dungeon, and saw 6 of its levels.

You collected 251 gold pieces.

Inventory:

Missiles
 c - 3 throwing nets (quivered)
 o - 18 poisoned darts
Armour
 a - a +0 leather armour (worn)
 b - a +0 helmet (worn)
Magical Staves
 h - a staff of death
Jewellery
 e - a ring of willpower (left claw)
 p - a ring of magical power (right claw)
 q - a ring of resist corrosion
 r - a ring of willpower
Scrolls
 g - 3 scrolls of teleportation {unknown}
 i - 4 scrolls of identify {unknown}
 l - a scroll of acquirement {unknown}
 n - 2 scrolls of immolation {unknown}
Potions
 d - 2 potions of brilliance
 f - a potion of curing {unknown}
 j - a potion of heal wounds {unknown}
 k - 2 potions of degeneration
 m - a potion of flight {unknown}
 s - a potion of invisibility {unknown}
 t - a potion of resistance


   Skills:
 + Level 5.1 Fighting
 - Level 1.7 Throwing
 - Level 2.6 Dodging
 * Level 6.9 Unarmed Combat


You had 6 spell levels left.
You didn't know any spells.
Your spell library contained the following spells:

 Spells                   Type           Power      Damage    Failure   Level
 Freeze                   Ice            0%         1d3       45%         1
 Frozen Ramparts          Ice            0%         1d2       83%         3
 Ozocubu's Armour         Ice            0%         N/A       83%         3
 Hailstorm                Conj/Ice       0%         3d3       99%         4
 Summon Ice Beast         Ice/Summ       0%         N/A       99%         4


Dungeon Overview and Level Annotations

Branches:
Dungeon (6/15)
 Temple: D:4-7

Altars:
Ashenzari
Fedhas
Qazlal
Ru
Uskayaw
Vehumet
Wu Jian

Shops:
D:6 :

Annotations:
D:3 exclusion: oklob plant


Innate Abilities, Weirdness & Mutations

You have sharp fingernails.
You are mostly covered in yellow scales. (AC +3)
You are mostly covered in sharp spines.


Message History

No target in view!
You now have 251 gold pieces (gained 2).
An electric eel comes into view.
An electric eel is nearby!
The electric eel shoots out a bolt of lightning at you!
The bolt of electricity hits you!
The electric eel shoots out a bolt of lightning at you!
The bolt of electricity misses you.
Found 22 stones.
The electric eel shoots out a bolt of lightning at you!
The bolt of electricity hits you!
You are too injured to fight recklessly!
You are too injured to fight recklessly!
You are too injured to fight recklessly!
You are too injured to fight recklessly!
You are too injured to fight recklessly!
You are too injured to fight recklessly!
The electric eel shoots out a bolt of lightning at you!
The bolt of electricity hits you! x2
* * * LOW HITPOINT WARNING * * *
Found a scroll labelled BUIPEU IBUXOE.
You miss the electric eel.
The electric eel shoots out a bolt of lightning at you!
The bolt of electricity hits you!
* * * LOW HITPOINT WARNING * * *
The bolt of electricity hits the plant!
The plant begins to die.
The bolt of electricity hits the plant.
The plant begins to die.
It was a potion of brilliance.
You feel clever all of a sudden.
It was a potion of degeneration.
There was something very wrong with that liquid.
You feel weakened.
You feel dopey.
You feel clumsy.
It was a potion of resistance.
You feel protected.
You claw the electric eel!
The electric eel is severely wounded.
A nearby plant withers and dies.
The electric eel shoots out a bolt of lightning at you!
The bolt of electricity hits you.
You die...

..######..........###..#
...............#.## #..#
..######.........# ####
#.......≈≈####
#.###..P.P# #.##....≈≈≈≈
#.....≈P≈≈≈≈
#..≈≈≈≈≈≈≈≈#
#..@≈≈≈≈≈≈##
#..;≈≈≈≈≈P..
#...PP≈≈≈P≈≈..
#.(≈.≈≈≈≈≈....
#.≈≈.P≈≈P.≈..#
#.≈≈≈≈≈≈≈.....
#.≈P≈≈≈≈PP...#
#..≈≈≈≈≈≈..?..


You could see an electric eel.

Vanquished Creatures
  An ice beast (D:5)
  A sky beast (D:4)
  A centaur (D:5)
  A scorpion (D:4)
  A howler monkey (D:5)
  4 orc priests
  A hound (D:5)
  3 orc wizards
  A killer bee zombie (D:3)
  2 hound skeletons (D:4)
  5 adders
  4 worms
  A dart slug (D:4)
  15 orcs
  7 endoplasms
  A giant cockroach (D:1)
  7 goblins
  3 hobgoblins
  5 jackals (D:4)
  3 quokkas
  4 ball pythons
  4 bats
  8 frilled lizards
  7 kobolds
  8 rats
98 creatures vanquished.

Vanquished Creatures (others)
  A plant (D:6)
1 creature vanquished.

Grand Total: 99 creatures vanquished

Notes
Turn   | Place    | Note
-------+----------+-------------------------------------------
     0 | D:1      | Alarkh the Demonspawn Gladiator began the quest for the
                  | Orb.
     0 | D:1      | Reached XP level 1. HP: 16/16 MP: 1/1
    64 | D:1      | Reached skill level 3 in Unarmed Combat
   102 | D:1      | Gained mutation: You are partially covered in sharp spines.
                  | [demonic ancestry]
   102 | D:1      | Reached XP level 2. HP: 8/22 MP: 2/2
   298 | D:1      | Found a faded altar of an unknown god.
   746 | D:2      | Reached XP level 3. HP: 27/28 MP: 3/3
  1242 | D:3      | Reached skill level 4 in Unarmed Combat
  1322 | D:3      | Gained mutation: You are partially covered in yellow
                  | scales. (AC +2) [demonic ancestry]
  1322 | D:3      | Reached XP level 4. HP: 22/34 MP: 4/4
  1530 | D:3      | Found a blossoming altar of Fedhas.
  1550 | D:3      | Noticed an oklob plant
  1644 | D:3      | Found a sacrificial altar of Ru.
  1752 | D:3      | Found a radiant altar of Vehumet.
  2113 | D:4      | Noticed a sky beast
  2127 | D:4      | Killed a sky beast
  2128 | D:4      | Gained mutation: You have sharp fingernails. [demonic
                  | ancestry]
  2128 | D:4      | Reached XP level 5. HP: 33/41 MP: 5/5
  2177 | D:4      | Reached skill level 5 in Unarmed Combat
  2187 | D:4      | Gained mutation: You are mostly covered in yellow scales.
                  | (AC +3) [demonic ancestry]
  2187 | D:4      | Reached XP level 6. HP: 21/48 MP: 6/6
  2364 | D:4      | Found an ornate altar of the Wu Jian Council.
  2382 | D:4      | Found a broken altar of Ashenzari.
  3381 | D:4      | Reached skill level 6 in Unarmed Combat
  3540 | D:5      | Entered Level 5 of the Dungeon
  3547 | D:5      | Found a hide-covered altar of Uskayaw.
  3572 | D:5      | Became a worshipper of Uskayaw the Reveller
  3739 | D:5      | Noticed an ice beast
  3742 | D:5      | Reached * piety under Uskayaw
  3746 | D:5      | Reached ** piety under Uskayaw
  3750 | D:5      | Reached *** piety under Uskayaw
  3752 | D:5      | Killed an ice beast
  3752 | D:5      | Reached **** piety under Uskayaw
  3753 | D:5      | Gained mutation: You are mostly covered in sharp spines.
                  | [demonic ancestry]
  3753 | D:5      | Reached XP level 7. HP: 30/55 MP: 7/7
  3753 | D:5      | Reached ***** piety under Uskayaw
  3961 | D:5      | Reached skill level 5 in Fighting
  4295 | D:6      | Found Fuer's Book Boutique.
  4315 | D:6      | Found a stormy altar of Qazlal.
  4428 | D:6      | HP: 2/56 [electric eel/bolt of electricity (12)]
  4432 | D:6      | Killed from afar by an electric eel

Illustrated notes

Levels and vault maps discovered:
D:1:      nicolae_arrival_memento_mori, layout_rooms, basic_ecumenical_altar,
          serial_rivers, chequers_serial_rivers_micro_a,
          chequers_serial_rivers_micro_e, chequers_serial_rivers_marsh,
          chequers_serial_rivers_micro_e, chequers_serial_rivers_micro_d,
          chequers_serial_rivers_micro_b, serial_bayou_pond_d
D:2:      layout_rooms
D:3:      layout_rooms, tgw_fedhas, lemuel_coloured_pillars_altar,
          nicolae_ru_awakened_eye
D:4:      layout_layer_cave, chequers_temple_overflow_statue_of_worship
D:5:      layout_loops_ring, nicolae_uskayaw_dance_hall
D:6:      layout_loops_cross, grunt_qazlal_clouds, temple_hall, serial_shops,
          shop, lightli_sewer_entry_pipes, amethyst_killhole,
          minmay_misc_feat_tower, chequers_big_river, dk_noncrumbling_4,
          kennysheep_generic_room_7, uniq_maggie

Skill      XL: |  1  2  3  4  5  6  7 |
---------------+----------------------+-----
Unarmed Combat | 3 4 5 6 |  6.9
Fighting       | 3 4 5 |  5.1
Throwing       | |  1.7
Dodging        | |  2.6

Action                   |  1- 3 |  4- 6 |  7- 9 || total
-------------------------+-------+-------+-------++-------
Melee: Unarmed           |   118 |   135 |    25 ||   278
       Punch             |       |     3 |     1 ||     4
  Use: Potion            |       |       |     3 ||     3
 Stab: Paralysed         |       |     2 |     2 ||     4
Armor: Leather armour    |    29 |    41 |     6 ||    76
Dodge: Dodged            |    58 |    78 |    13 ||   149

Table legend: (Time is in decaauts)
 A = Elapsed time spent in this place.
 B = Non-inter-level travel time spent in this place.
 C = Inter-level travel time spent in this place.
 D = Time resting spent in this place.
 E = Time spent auto-exploring this place.
 F = Levels seen in this place.
 G = Mean time per level.
                   A        B        C        D        E       F      G
               +--------+--------+--------+--------+--------+-----+--------+
         Total |   4415 |   4290 |    125 |     12 |   3744 |   6 |  735.8 |
       Dungeon |   4415 |   4290 |    125 |     12 |   3744 |   6 |  735.8 |
               +--------+--------+--------+--------+--------+-----+--------+

Top non-repeatable levels by time:
     D:4: 1424 daAuts
     D:3: 916 daAuts
     D:5: 750 daAuts
     D:1: 740 daAuts
     D:2: 447 daAuts
     D:6: 136 daAuts
